 Dungeon Crawl Stone Soup version 0.24-a0-537-g2d01d4a (webtiles) character file.

Game seed: 1018011724971866501

2475 Charmandara the Summoner (level 9, -4/49 HPs)
             Began as a Tengu Summoner on Aug 16, 2019.
             Was a Follower of Vehumet.
             Slain by a two-headed ogre
             ... wielding a +0 giant club
              (17 damage)
             ... on level 8 of the Dungeon.
             The game lasted 00:24:04 (8878 turns).

Charmandara the Summoner (Tengu Summoner)           Turns: 8878, Time: 00:24:05

Health: -4/49      AC:  6    Str: 12    XL:     9   Next: 51%
Magic:  15/22      EV: 15    Int: 20    God:    Vehumet [*.....]
Gold:   457        SH:  0    Dex: 14    Spells: 8/24 levels left

rFire    . . .     SeeInvis .   g - +5 dagger (venom)
rCold    . . .     Gourm    .   (no shield)
rNeg     . . .     Faith    +   a - +1 robe
rPois    .         Spirit   .   (helmet restricted)
rElec    .         Reflect  .   j - +2 cloak
rCorr    .         Harm     .   (no gloves)
MR       .....     Clarity  +   (boots unavailable)
Stlth    ++........             A - amulet of faith {Faith, !P}
HPRegen  0.16/turn              n - +4 ring of strength
MPRegen  0.18/turn              u - +5 ring of slaying

@: flying quickly and evasively, quick
A: beak, talons 3, clarity, robust 1, able to fly
a: Stop Flying, Renounce Religion


You were on level 8 of the Dungeon.
You worshipped Vehumet.
Vehumet was aware of your devotion.
You were not hungry.

You visited 2 branches of the dungeon, and saw 9 of its levels.
You also visited: Sewer.

You collected 457 gold pieces.

Inventory:

Hand Weapons
 b - a +2 whip of flaming
   (You took it off Pikel on level 4 of the Dungeon)
 g - a +5 dagger of venom (weapon)
   (You took it off an orc wizard on level 5 of the Dungeon)
 k - a +0 lajatang
   (You found it on level 6 of the Dungeon)
 t - a +2 flail of protection
   (You took it off Edmund on level 4 of the Dungeon)
 y - the +0 quarterstaff of Cutoor {freeze, Int+2}
   (You found it on level 7 of the Dungeon)

   It has been specially enchanted to freeze those struck by it, causing extra
   injury to most foes and up to half again as much damage against particularly
   susceptible opponents.
   It can also slow down cold-blooded creatures.
   It affects your intelligence (+2).
Armour
 a - a +1 robe (worn)
 j - a +2 cloak (worn)
   (You found it on level 1 of the Dungeon)
Jewellery
 i - an uncursed ring of stealth {Stlth+}
   (You found it on level 5 of the Dungeon)
 n - a +4 ring of strength (left hand)
   (You found it on level 7 of the Dungeon)
 q - an uncursed ring of positive energy {rN+}
   (You found it on level 3 of the Dungeon)
 u - a +5 ring of slaying (right hand)
   (You found it on level 5 of the Dungeon)
 A - an amulet of faith (around neck) {Faith, !P}
   (You found it on level 7 of the Dungeon)
Wands
 d - a wand of polymorph (8)
   (You took it off Sigmund on level 2 of the Dungeon)
 o - a wand of iceblast (4)
   (You found it on level 3 of the Dungeon)
 s - a wand of random effects (15)
   (You took it off Ijyb on level 4 of the Dungeon)
 C - a wand of acid (11)
   (You found it on level 7 of the Dungeon)
Scrolls
 e - 3 scrolls of enchant armour
 f - a scroll of immolation {!r}
 h - 5 scrolls of teleportation
 m - 2 scrolls of remove curse
 v - a scroll of blinking {!r}
Potions
 p - 2 potions of ambrosia
 r - a potion of agility
 w - a potion of curing
 x - a potion of degeneration {!q}
 z - a potion of heal wounds
 D - a potion of might
Comestibles
 c - 11 rations
 l - 9 chunks of flesh {@w0}


   Skills:
 - Level 2.1 Dodging
 - Level 2.0 Stealth
 + Level 8.4 Spellcasting
 + Level 11.4 Summonings


You had 8 spell levels left.
You knew the following spells:

 Your Spells              Type           Power        Failure   Level  Hunger
b - Call Canine Familiar  Summ           ######..     1%          3    None
c - Call Imp              Summ           ######..     1%          2    None
d - Summon Lightning Spi  Summ/Air       ####....     8%          4    ###....
e - Summon Ice Beast      Ice/Summ       ####....     8%          4    ###....
x - Mephitic Cloud        Conj/Pois/Air  #.......     24%         3    None

Your spell library contained the following spells:

 Spells                   Type           Power        Failure   Level  Hunger
 Sandblast                Erth           #.....       9%          1    None
 Summon Small Mammal      Summ           ####         1%          1    None
 Summon Guardian Golem    Hex/Summ       ####....     2%          3    None
 Animate Skeleton         Necr           N/A          9%          1    None
 Pain                     Necr           #...         9%          1    None
 Poisonous Vapours        Pois/Air       #.....       12%         2    None
 Conjure Flame            Conj/Fire      #.......     24%         3    None
 Regeneration             Chrm/Necr      #.........   24%         3    None
 Vampiric Draining        Necr           #.........   24%         3    None
 Animate Dead             Necr           N/A          63%         4    ###....
 Freezing Cloud           Conj/Ice/Air   #.........   100%        6    ######.
 Ring of Flames           Chrm/Fire      #.........   100%        7    #######


Dungeon Overview and Level Annotations

Branches:
Dungeon (8/15)             Temple (1/1) D:6
   Lair: D:8-11

Altars:
Ashenzari
Cheibriados
Dithmenos
Elyvilon
Fedhas
Gozag
Hepliaklqana
Makhleb
Nemelex Xobeh
Okawaru
Qazlal
Ru
Sif Muna
Trog
Uskayaw
Vehumet
Wu Jian
Xom
Yredelemnul
The Shining One

Annotations:
D:7 2 transporters, ezpacito's ghost, novice DsGl


Innate Abilities, Weirdness & Mutations

You have a beak for a mouth.
You have claws for feet.
You can fly continuously.
You possess an exceptional clarity of mind.
You are robust. (+10% HP)


Message History

You hit the howler monkey.
You kill the howler monkey!
Vehumet accepts your kill.
You swap places.
You reach down and open the door.
Found an escape hatch in the ceiling.
There is an open door here.
A two-headed ogre comes into view. It is wielding two +0 giant clubs.
A two-headed ogre is nearby!
An electric hum fills the air.
The hound barks!
You now have 18/22 mp.
Your crimson imp blinks!
A bullfrog comes into view.
The two-headed ogre hits your white imp with a +0 giant club!!
Your white imp dies!
Your lightning spire shoots out a bolt of lightning at the two-headed ogre!
The bolt of electricity hits the two-headed ogre!
You now have 15/22 mp.
Unknown command.
The two-headed ogre hits your lightning spire with a +0 giant club!!
The two-headed ogre hits your lightning spire with a +0 giant club.
Your crimson imp hits the two-headed ogre.
The hound bites your lightning spire but does no damage.
The two-headed ogre hits your lightning spire with a +0 giant club!
Your lightning spire is destroyed!
Your crimson imp hits the two-headed ogre but does no damage.
An electric hum fills the air.
Something hits your lightning spire but does no damage.
The hound bites your wolf but does no damage.
Your crimson imp hits the two-headed ogre.
Your wolf barely misses the two-headed ogre.
The two-headed ogre closely misses your wolf.
The two-headed ogre hits your wolf with a +0 giant club!
Something hits your lightning spire but does no damage.
The hound bites your wolf but does no damage.
You now have 12/22 mp.
Your wolf closely misses the hound.
The hound misses your wolf.
Something hits your lightning spire but does no damage.
Your crimson imp barely misses the two-headed ogre.
Your wolf completely misses the hound.
The two-headed ogre misses your wolf.
The two-headed ogre closely misses your wolf.
The bullfrog releases a deep croak.
The bullfrog hits your lightning spire but does no damage.
The hound bites your wolf but does no damage.
Your wolf misses the hound.
Your crimson imp hits the two-headed ogre.
The bullfrog hits your lightning spire but does no damage.
The hound bites your wolf but does no damage.
Your wolf bites the hound!
The two-headed ogre hits your wolf with a +0 giant club!!
Your wolf dies!
Your wolf's corpse disappears in a puff of smoke!
The bullfrog hits your lightning spire but does no damage.
Your crimson imp closely misses the two-headed ogre.
The bullfrog hits your lightning spire but does no damage.
The hound closely misses you.
Your crimson imp hits the two-headed ogre.
The two-headed ogre closely misses your crimson imp. x2
The bullfrog hits your lightning spire. The hound barely misses you.
You barely miss the hound. Your peck misses the hound.
The bullfrog hits your lightning spire but does no damage.
The hound barely misses you.
Your crimson imp blinks!
The bullfrog hits your lightning spire but does no damage.
The hound bites you.
You take 1 damage, and have 48/49 hp.
You hit the hound.
The hound is poisoned.
The bullfrog hits your lightning spire but does no damage.
The hound bites you but does no damage.
Your lightning spire shoots out a bolt of lightning at the bullfrog!
The bolt of electricity hits the bullfrog!
The hound closely misses you. The bullfrog hits your lightning spire.
The bullfrog hits your lightning spire.
You kill the hound!
Vehumet accepts your kill.
Something hits your lightning spire but does no damage. x2
The two-headed ogre misses you.
The two-headed ogre hits you with a +0 giant club!
Something hits your lightning spire but does no damage.
You take 8 damage, and have 40/49 hp.
Something hits your lightning spire but does no damage.
The two-headed ogre closely misses you.
The two-headed ogre hits you with a +0 giant club!
You take 8 damage, and have 32/49 hp.
Something barely misses your lightning spire.
Something hits your lightning spire.
You reach down and open the door.
The bullfrog barely misses your lightning spire.
Your lightning spire shoots out a bolt of lightning at the bullfrog!
The bolt of electricity hits the bullfrog!
The bullfrog dies!
Vehumet accepts your kill.
There is an open door here.
Your crimson imp blinks!
You hit the two-headed ogre.
The two-headed ogre is poisoned.
The two-headed ogre hits you with a +0 giant club!!
* * * LOW HITPOINT WARNING * * *
The two-headed ogre hits you with a +0 giant club!
You die...

+#####+#..#..<#........
..........#...#........
..........'...#........
..........#...#........
..........#...#........
..........#..†.........
#######5###'#8.........
.......)....O##########
.......÷....@#
.......).....#
.............#
.............###
...####+##+#...#
...#..........## #....
+..........#
#.....#..........#
#.... #..........#


You could see a two-headed ogre, a friendly lightning spire and a friendly
crimson imp.

Vanquished Creatures
  The ghost of chaoswolf the Chopper, an amateur DsBe of Trog (D:3)
  The ghost of HalloeS the Skirmisher, an amateur OgBe of Trog (D:3)
  The ghost of listentometal the Conjurer, an amateur OpCj (D:3)
  A phantom (D:5)
  2 bullfrogs (D:7)
  A scorpion (D:7)
  A killer bee (D:7)
  An electric eel (D:6)
  A howler monkey (D:8)
  A centaur zombie (D:8)
  3 hounds
  A jelly (D:4)
  Ijyb (D:4)
  Terence (D:2)
  Natasha (D:2)
  5 orc wizards
  A worker ant (D:5)
  A worker ant zombie (D:7)
  2 gnolls (D:5)
  5 adders
  A shadow imp (D:5)
  2 oozes (Sewer)
  An adder zombie (D:6)
  2 worms
  3 leopard geckos
  8 orcs
  11 giant cockroaches
  4 goblins
  4 hobgoblins
  3 jackals
  2 kobolds (D:2)
  A quokka (D:2)
  A ball python (D:4)
  8 bats
  8 frilled lizards
  A leopard gecko skeleton (D:5)
  A leopard gecko zombie (D:5)
  5 rats
98 creatures vanquished.

Vanquished Creatures (collateral kills)
  Pikel (D:4)
  Sigmund (D:2)
  Edmund (D:4)
  An ice beast (D:5)
  3 slaves (D:4)
  A centaur (D:8)
  2 bullfrogs
  3 scorpions
  5 killer bees (D:7)
  An electric eel (D:6)
  4 crimson imps
  5 orc priests
  A bullfrog skeleton (D:5)
  2 centaur skeletons
  2 jellies (D:5)
  3 orc wizards
  Natasha (D:2)
  2 worker ants
  A killer bee zombie (D:6)
  A howler monkey zombie (D:7)
  4 gnolls
  3 adders
  2 river rats (D:4)
  2 shadow imps (D:5)
  4 oozes
  An adder skeleton (D:5)
  6 worms
  2 dart slugs
  2 leopard geckos
  23 orcs
  2 ball pythons (D:4)
  4 bats
  3 giant cockroaches
  4 hobgoblins
  6 jackals
  4 kobolds
  5 frilled lizards
  3 goblins
  3 rats
124 creatures vanquished.

Grand Total: 222 creatures vanquished

Notes
Turn   | Place    | Note
-------+----------+-------------------------------------------
     0 | D:1      | Charmandara the Tengu Summoner began the quest for the Orb.
     0 | D:1      | Reached XP level 1. HP: 10/10 MP: 4/4
   240 | D:1      | Reached skill level 5 in Summonings
   296 | D:1      | Reached XP level 2. HP: 13/15 MP: 4/6
   463 | D:1      | Learned a level 2 spell: Call Imp
   662 | D:1      | Reached XP level 3. HP: 9/19 MP: 2/7
   968 | D:2      | Noticed Sigmund
  1171 | D:2      | Learned a level 3 spell: Call Canine Familiar
  1204 | D:2      | Reached skill level 3 in Spellcasting
  1216 | D:2      | Noticed Natasha
  1221 | D:2      | Killed Natasha
  1221 | D:2      | Reached XP level 4. HP: 23/24 MP: 1/9
  1297 | D:2      | Noticed Terence
  1316 | D:2      | Killed Terence
  1316 | D:2      | Reached skill level 6 in Summonings
  1567 | D:2      | You fall into a shaft and drop 1 floor!
  1700 | D:2      | Killed Sigmund
  1700 | D:2      | Gained mutation: You can fly continuously. [Tengu growth]
  1700 | D:2      | Reached XP level 5. HP: 16/28 MP: 6/11
  1757 | D:2      | Noticed Natasha
  1766 | D:2      | Killed Natasha
  1766 | D:2      | Reached skill level 4 in Spellcasting
  1833 | D:2      | Learned a level 4 spell: Summon Lightning Spire
  2273 | D:3      | Found a faded altar of an unknown god.
  2308 | D:3      | HP: 7/28 [poisoned by a worker ant]
  2313 | D:3      | HP: 5/28 [poisoned by a worker ant]
  2318 | D:3      | HP: 3/28 [poisoned by a worker ant]
  2325 | D:3      | HP: 2/28 [poisoned by a worker ant]
  2333 | D:3      | HP: 1/28 [poisoned by a worker ant]
  2723 | D:3      | Reached XP level 6. HP: 24/32 MP: 10/13
  3165 | D:3      | Reached skill level 7 in Summonings
  3423 | D:3      | Found a runed translucent gate.
  3423 | D:3      | Found a runed translucent gate.
  3423 | D:3      | Found a runed translucent gate.
  3424 | D:3      | Noticed listentometal's ghost (amateur OpCj)
  3424 | D:3      | Noticed chaoswolf's ghost (amateur DsBe)
  3424 | D:3      | Noticed HalloeS's ghost (amateur OgBe)
  3722 | D:3      | Found a shadowy altar of Dithmenos.
  3877 | D:3      | Killed HalloeS's ghost
  3930 | D:3      | Killed chaoswolf's ghost
  3930 | D:3      | Reached skill level 5 in Spellcasting
  3930 | D:3      | Reached XP level 7. HP: 14/36 MP: 5/15
  3930 | D:3      | Killed listentometal's ghost
  3930 | D:3      | Reached skill level 8 in Summonings
  3936 | D:3      | Learned a level 4 spell: Summon Ice Beast
  4049 | D:4      | Found a sparkling altar of Nemelex Xobeh.
  4112 | D:4      | Found an iron altar of Okawaru.
  4120 | D:4      | Noticed Ijyb
  4127 | D:4      | Killed Ijyb
  4148 | D:4      | Noticed Edmund
  4175 | D:4      | Killed Edmund
  4187 | D:4      | Noticed Pikel
  4199 | D:4      | HP: 6/36 [slave[Pikel] (7)]
  4484 | D:4      | Killed Pikel
  4484 | D:4      | Reached skill level 6 in Spellcasting
  4484 | D:4      | Reached skill level 9 in Summonings
  4484 | D:4      | Reached XP level 8. HP: 22/41 MP: 1/18
  4677 | D:4      | Found a glowing drain.
  4685 | Sewer    | Entered a sewer
  5461 | D:5      | Entered Level 5 of the Dungeon
  5488 | D:5      | Gained mutation: You are partially covered in iridescent
                  | scales. (AC +2) [potion of mutation]
  5488 | D:5      | Gained mutation: You possess an exceptional clarity of
                  | mind. [potion of mutation]
  5488 | D:5      | Lost mutation: You are partially covered in iridescent
                  | scales. (AC +2) [potion of mutation]
  5488 | D:5      | Gained mutation: You are robust. (+10% HP) [potion of
                  | mutation]
  5488 | D:5      | HP: 10/45 [poisoned by an orc wizard]
  5502 | D:5      | HP: 11/45 [poisoned by an orc wizard]
  5656 | D:5      | Found a sacrificial altar of Ru.
  6074 | D:5      | Reached skill level 7 in Spellcasting
  6078 | D:5      | Reached skill level 10 in Summonings
  6481 | D:5      | Reached XP level 9. HP: 19/49 MP: 10/21
  6486 | D:5      | Learned a level 3 spell: Mephitic Cloud
  7356 | D:6      | Found a staircase to the Ecumenical Temple.
  7411 | Temple   | Entered the Ecumenical Temple
  7644 | Temple   | Became a worshipper of Vehumet
  8346 | D:7      | Reached skill level 11 in Summonings
  8346 | D:7      | Reached skill level 8 in Spellcasting
  8366 | D:7      | Got an ichor-stained quarterstaff
  8367 | D:7      | Identified the cursed +0 quarterstaff of Cutoor {freeze,
                  | Int+2} (You found it on level 7 of the Dungeon)
  8440 | D:7      | Found a transporter.
  8441 | D:7      | Noticed ezpacito's ghost (novice DsGl)
  8451 | D:7      | Found a transporter.
  8645 | D:7      | Reached * piety under Vehumet
  8645 | D:7      | Offered knowledge of Sandblast by Vehumet.
  8853 | D:8      | Noticed a two-headed ogre
  8878 | D:8      | Slain by a two-headed ogre

Levels and vault maps discovered:
D:1:      evilmike_arrival_rings, layout_basic
D:2:      cheibrodos_helix_gallery, layout_basic, uniq_terence, uniq_sigmund,
          uniq_natasha
D:3:      layout_loops_ring, chequers_ecumenical_altar_simple,
          gammafunk_ghost_cemetery, nicolae_dithmenos_through_a_glass_darkly
D:4:      layout_loops_ring, okawaru_ov_weapons_minmay, portal_sewer_entry_e,
          first_ration, nemelex_xobeh_ov_fountains_minmay, uniq_edmund,
          uniq_pikel, uniq_ijyb
D:5:      layout_gridville, nicolae_ru_awakened_eye
D:6:      wad_river_or_something, layout_loops_corners,
          minmay_temple_entry_offerings, grunt_ministairs_14,
          serial_bayou_ford_a
D:7:      layout_rooms, gammafunk_ghost_mausoleum
D:8:      layout_gridville, kiku_gazebo_pond_becter, uniq_erica
Temple:   dpeg_five_rooms_temple

Skill      XL: |  1  2  3  4  5  6  7  8  9 |
---------------+----------------------------+-----
Summonings     | 5 6 7 9 10 11 | 11.4
Spellcasting   | 3 4 5 6 7 8 |  8.4
Dodging        | |  2.1
Stealth        | |  2.0

Action                   |  1- 3 |  4- 6 |  7- 9 || total
-------------------------+-------+-------+-------++-------
Melee: Club              |    16 |       |       ||    16
       Unarmed           |     7 |       |       ||     7
       Kick              |    14 |    16 |    39 ||    69
       Peck              |     5 |    11 |    12 ||    28
       Dagger            |    43 |       |   110 ||   153
       Spear             |     1 |   139 |    41 ||   181
       Whip              |       |       |    65 ||    65
 Cast: Summon Small Mamm |    10 |       |       ||    10
       Call Imp          |    13 |     9 |     6 ||    28
       Call Canine Famil |     1 |    10 |    13 ||    24
       Summon Lightning  |       |     3 |    33 ||    36
       Summon Ice Beast  |       |       |     2 ||     2
 Abil: Fly               |       |     1 |       ||     1
Evoke: Wand              |       |     3 |     2 ||     5
  Use: Scroll            |       |     8 |    14 ||    22
       Potion            |       |       |     7 ||     7
 Stab: Sleeping          |     2 |     4 |     4 ||    10
       Distracted        |       |       |     2 ||     2
       Invisible         |       |       |     1 ||     1
  Eat: Chunk             |     2 |     8 |    19 ||    29
       Ration            |       |       |     1 ||     1
Armor: Robe              |    20 |    32 |    58 ||   110
Dodge: Dodged            |    68 |    69 |   167 ||   304

Table legend:
 A = Non-vault XP
 B = Vault XP
 C = Vault XP percentage of total XP
 D = Non-vault monster count
 E = Vault monster count
 F = Vault count percentage of total count
                 A         B        C        D         E       F
            +---------+---------+-------+---------+---------+-------
      Total |    2230 |    1307 |  37.0 |     171 |      48 |  21.9
            +---------+---------+-------+---------+---------+-------
        D:1 |      39 |       0 |   0.0 |      25 |       0 |   0.0
        D:2 |      93 |     163 |  63.7 |      27 |       5 |  15.6
        D:3 |      78 |     487 |  86.2 |      25 |       3 |  10.7
        D:4 |     209 |     519 |  71.3 |      15 |      11 |  42.3
        D:5 |     736 |       0 |   0.0 |      45 |       0 |   0.0
        D:6 |     131 |      80 |  37.9 |       6 |       8 |  57.1
        D:7 |     629 |       0 |   0.0 |      18 |       0 |   0.0
        D:8 |     315 |       0 |   0.0 |      10 |       0 |   0.0
      Sewer |       0 |      58 | 100.0 |       0 |      21 | 100.0
            +---------+---------+-------+---------+---------+-------

Levels and vault maps discovered:
D:1:      evilmike_arrival_rings, layout_basic
D:2:      cheibrodos_helix_gallery, layout_basic, uniq_terence, uniq_sigmund,
          uniq_natasha
D:3:      layout_loops_ring, chequers_ecumenical_altar_simple,
          gammafunk_ghost_cemetery, nicolae_dithmenos_through_a_glass_darkly
D:4:      layout_loops_ring, okawaru_ov_weapons_minmay, portal_sewer_entry_e,
          first_ration, nemelex_xobeh_ov_fountains_minmay, uniq_edmund,
          uniq_pikel, uniq_ijyb
D:5:      layout_gridville, nicolae_ru_awakened_eye
D:6:      wad_river_or_something, layout_loops_corners,
          minmay_temple_entry_offerings, grunt_ministairs_14,
          serial_bayou_ford_a
D:7:      layout_rooms, gammafunk_ghost_mausoleum
D:8:      layout_gridville, kiku_gazebo_pond_becter, uniq_erica
Temple:   dpeg_five_rooms_temple

Table legend:
 A = Turns spent in this place as a percentage of turns spent in the entire game.
 B = Non-inter-level travel turns spent in this place as a percentage of non-inter-level travel turns spent in the entire game.
 C = Inter-level travel turns spent in this place as a percentage of turns spent in this place.
 D = Turns resting spent in this place as a percentage of non-inter-level travel turns spent in this place.
 E = Turns spent auto-exploring this place as a percentage of non-inter-level travel turns spent in this place.
 F = Non-inter-level travel turns spent in this place divided by the number of levels of this place that you've seen.
                   A       B       C       D       E      F
               +-------+-------+-------+-------+-------+----------------------
         Total | 100.0 | 100.0 |   2.7 |  22.8 |  48.5 | 863.7
       Dungeon |  93.8 |  94.2 |   2.3 |  24.2 |  48.0 | 1017.5
        Temple |   3.2 |   2.7 |  17.5 |   0.0 |  89.0 | 236.0
         Sewer |   2.9 |   3.0 |   0.0 |   0.0 |  26.1 | 261.0
               +-------+-------+-------+-------+-------+----------------------

Table legend:
 A = Kills in this place as a percentage of kills in entire the game.
 B = Kills by you in this place as a percentage of kills by you in the entire game.
 C = Kills by friends in this place as a percentage of kills by friends in the entire game.
 D = Other kills in this place as a percentage of other kills in the entire game.
 E = Experience gained in this place as a percentage of experience gained in the entire game.
 F = Experience gained in this place divided by the number of levels of this place that you have seen.
                   A       B       C       D       E      F
               +-------+-------+-------+-------+-------+----------------------
         Total | 100.0 | 100.0 | 100.0 |   N/A | 100.0 | 353.7
       Dungeon |  90.4 |  91.8 |  89.3 |   N/A |  98.4 | 434.9
         Sewer |   9.6 |   8.2 |  10.7 |   N/A |   1.6 |  58.0
               +-------+-------+-------+-------+-------+----------------------
